 Dungeon Crawl Stone Soup version 0.31-a0-986-g5e6e4ef867 (webtiles) character file.

Game seed: 92804754383390935

989 billz999 the Skirmisher (level 7, -8/60 HPs)
             Began as a Demigod Hunter on Nov 8, 2023.
             Mangled by a shadow (31 damage)
             ... on level 6 of the Dungeon.
             The game lasted 00:09:27 (4849 turns).

billz999 the Skirmisher (Demigod Hunter)            Turns: 4849, Time: 00:09:27

Health: -8/60      AC:  8    Str: 12    XL:     7   Next: 65%
Magic:  9/9        EV: 12    Int: 11    God:
Gold:   216        SH:  0    Dex: 25    Spells: 3/6 levels left

rFire   . . .        a - +0 shortbow
rCold   . . .        (shield currently unavailable)
rNeg    . . .        c - +0 leather armour
rPois   +            e - +0 helmet
rElec   .            (no cloak)
rCorr   .            (no gloves)
SInv    .            (no boots)
Will    .....        (no amulet)
Stlth   ++           l - ring of poison resistance
HPRegen 0.30/turn    v - +4 ring of protection
MPRegen 0.11/turn

%: no passive effects
@: no status effects
A: high MP 1, forlorn, divine attributes
a: no special abilities


You were on level 6 of the Dungeon.
You visited 1 branch of the dungeon, and saw 6 of its levels.
You also visited: Sewer.

You collected 216 gold pieces.

Inventory:

Hand Weapons
 a - a +0 shortbow (weapon)
 f - a +0 dagger
 m - a +0 halberd
Missiles
 j - 12 poisoned darts
 F - a throwing net
Armour
 c - a +0 leather armour (worn)
 e - a +0 helmet (worn)
 g - a +0 chain mail
Jewellery
 l - a ring of poison resistance (left hand)
 v - a +4 ring of protection (right hand)
Wands
 w - a wand of roots (1)
 y - a wand of flame (28)
 B - a wand of quicksilver (7)
Scrolls
 b - a scroll of butterflies
 d - 2 scrolls of amnesia {unknown}
 k - a scroll of fear {unknown}
 n - a scroll of blinking {unknown}
 p - 2 scrolls of noise {unknown}
 q - a scroll of silence {unknown}
 r - 3 scrolls of enchant armour {unknown}
 s - a scroll of enchant weapon {unknown}
 t - a scroll of torment
 x - a scroll of summoning {unknown}
 z - a scroll of revelation {unknown}
 C - 4 scrolls of identify
 G - a scroll of poison {unknown}
Potions
 h - a potion of ambrosia
 i - a potion of attraction
 o - 2 potions of haste {unknown}
 u - a potion of degeneration {unknown}
 A - a potion of mutation {unknown}
 D - a potion of magic {unknown}
 E - a potion of might {unknown}


   Skills:
 + Level 4.3 Fighting
 + Level 8.3 Ranged Weapons
 - Level 1.7 Dodging
 - Level 0.8 Stealth


You had 3 spell levels left.
You knew the following spells:

 Your Spells              Type           Power      Damage    Failure   Level
a - Mephitic Cloud        Conj/Pois/Air  0%         N/A       80%         3

Your spell library contained the following spells:

 Spells                   Type           Power      Damage    Failure   Level
 Freeze                   Ice            0%         1d3       41%         1
 Magic Dart               Conj           0%         1d3       41%         1
 Call Imp                 Summ           0%         N/A       56%         2
 Wereblood                Tmut           0%         N/A       56%         2
 Frozen Ramparts          Ice            0%         1d1       80%         3
 Hailstorm                Conj/Ice       0%         3d3       80%         3
 Irradiate                Conj/Tmut      0%         3d11      100%        5


Dungeon Overview and Level Annotations

Branches:
Dungeon (6/15)             Temple (0/1) D:6           Sewer (visited)

Shops:
D:1 *

Annotations:
D:4 2 runed translucent doors


Innate Abilities, Weirdness & Mutations

You have an increased reservoir of magic. (+10% MP)
You shall have no god before yourself.
Your divine heritage dramatically boosts your attributes as you level up.


Message History

The shadow is heavily damaged.
The shadow slips into darkness.
The shadow flickers and vanishes!
Deactivating autopickup; reactivate with Ctrl-A.
You shoot an arrow.
The shadow strikes at you from the darkness!
Reactivating autopickup.
You shoot an arrow. The arrow closely misses the shadow.
The shadow slips into darkness.
The shadow flickers and vanishes!
Deactivating autopickup; reactivate with Ctrl-A.
You shoot an arrow.
The shadow strikes at you from the darkness!
Reactivating autopickup.
You shoot an arrow.
The arrow hits the shadow but does no damage.
The shadow is heavily damaged.
The shadow closely misses you.
You shoot an arrow. The arrow hits the shadow!
The shadow is almost destroyed.
The shadow barely misses you.
You shoot an arrow.
The arrow hits the shadow but does no damage.
The shadow is almost destroyed.
The shadow slips into darkness.
The shadow flickers and vanishes!
Deactivating autopickup; reactivate with Ctrl-A.
You shoot an arrow.
The shadow strikes at you from the darkness!
Reactivating autopickup.
You shoot an arrow.
The arrow hits the shadow but does no damage.
The shadow is almost destroyed.
The shadow slips into darkness.
The shadow flickers and vanishes!
Deactivating autopickup; reactivate with Ctrl-A.
You shoot an arrow.
The shadow strikes at you from the darkness!
Ouch! That really hurt!
You die... ############... #<..@{.......>. ############...

There were no monsters in sight!

Vanquished Creatures
  Eustachio (D:4)
  A black bear (D:5)
  2 kobold brigands (Sewer)
  A howler monkey (D:5)
  5 hounds
  A sleepcap (D:4)
  An orc wizard (D:5)
  12 gnolls
  7 adders
  4 river rats (Sewer)
  A shadow imp (D:4)
  5 worms
  4 dart slugs
  8 orcs
  5 bats
  6 endoplasms
  8 giant cockroaches
  4 goblins
  11 hobgoblins
  2 jackals (Sewer)
  11 quokkas
  21 ball pythons
  4 frilled lizards
  18 kobolds
  10 rats
153 creatures vanquished.

Notes
Turn   | Place    | Note
-------+----------+-------------------------------------------
     0 | D:1      | billz999 the Demigod Hunter began the quest for the Orb.
     0 | D:1      | Reached XP level 1. HP: 17/17 MP: 3/3
   155 | D:1      | Reached skill level 4 in Ranged Weapons
   160 | D:1      | Reached XP level 2. HP: 24/24 MP: 4/4
   184 | D:1      | Found Qiluqasch's Assorted Antiques.
   595 | D:1      | Reached XP level 3. HP: 29/29 MP: 5/5
   818 | D:2      | Reached skill level 5 in Ranged Weapons
   908 | D:2      | Reached XP level 4. HP: 32/36 MP: 6/6
  1549 | D:3      | Reached skill level 6 in Ranged Weapons
  1589 | D:3      | Reached XP level 5. HP: 41/41 MP: 7/7
  1607 | D:3      | Found a glowing drain.
  1628 | Sewer    | Entered a sewer
  2059 | Sewer    | Reached skill level 7 in Ranged Weapons
  2059 | Sewer    | Reached XP level 6. HP: 48/48 MP: 8/8
  2572 | D:4      | Found a large runed translucent door.
  2572 | D:4      | Found a large runed translucent door.
  2658 | D:4      | Noticed Eustachio
  2685 | D:4      | Killed Eustachio
  3131 | D:4      | Reached XP level 7. HP: 52/57 MP: 9/9
  3884 | D:5      | Entered Level 5 of the Dungeon
  4113 | D:5      | Reached skill level 8 in Ranged Weapons
  4675 | D:5      | Learned a level 3 spell: Mephitic Cloud
  4827 | D:6      | Found a staircase to the Ecumenical Temple.
  4828 | D:6      | Noticed a shadow
  4849 | D:6      | Mangled by a shadow

Illustrated notes

Levels and vault maps discovered:
D:1:      amcnicky_arrival_blooded_trapdoor, layout_basic,
          ebering_ecumenical_altar_sacrificial, serial_shops,
          nicolae_shop_overgrown_old_shop
D:2:      layout_rooms, minmay_indecisive_spiral
D:3:      layout_rooms, gup_sewer_entry_glass, minmay_misc_feat_five
D:4:      layout_basic, jmf_multi_god_temple2, chequers_big_river,
          hangedman_decor_points, hex_medium, columned_hall_lemuel,
          uniq_eustachio
D:5:      layout_gridville, gammafunk_temple_overflow_elements
D:6:      layout_basic, minmay_temple_entry_drinking_statues,
          minmay_misc_feat_chi

Skill      XL: |  1  2  3  4  5  6  7 |
---------------+----------------------+-----
Ranged Weapons | 4 5 6 7 8 |  8.3
Fighting       | 3 4 |  4.3
Dodging        | |  1.7
Stealth        | |  0.8

Action                     |  1- 3 |  4- 6 |  7- 9 || total
---------------------------+-------+-------+-------++-------
   Fire: Shortbow          |   118 |   284 |   133 ||   535
    Use: Scroll            |       |     4 |       ||     4
         Potion            |       |     4 |       ||     4
 Armour: Leather armour    |    11 |    73 |    43 ||   127
         Skin              |       |     7 |       ||     7
  Dodge: Dodged            |    18 |    54 |    50 ||   122

Table legend: (Time is in decaauts)
 A = Elapsed time spent in this place.
 B = Non-inter-level travel time spent in this place.
 C = Inter-level travel time spent in this place.
 D = Time resting spent in this place.
 E = Time spent auto-exploring this place.
 F = Levels seen in this place.
 G = Mean time per level.
                   A        B        C        D        E       F      G
               +--------+--------+--------+--------+--------+-----+--------+
         Total |   5056 |   4834 |    222 |    205 |   3660 |   7 |  722.3 |
       Dungeon |   4145 |   3923 |    222 |     64 |   3094 |   6 |  690.8 |
         Sewer |    911 |    911 |      0 |    141 |    566 |   1 |  911.0 |
               +--------+--------+--------+--------+--------+-----+--------+

Top non-repeatable levels by time:
     D:4: 1344 daAuts
     D:5: 941 daAuts
   Sewer: 911 daAuts
     D:1: 770 daAuts
     D:2: 625 daAuts
     D:3: 436 daAuts
     D:6: 27 daAuts
